 Dungeon Sprint DCSS version 0.25.1-2-g60ff931df9 (webtiles) character file.

Game seed: 8911563005106477867

39 soggyman666 the Ruffian (level 3, -4/58 HPs)
             Began as a Troll Berserker on Nov 3, 2020.
             Was a Follower of Trog.
             Slain by a spriggan
             ... wielding a +5 falchion of draining
              (6 damage)
             ... in the Dungeon (Sprint V: "Ziggurat Sprint").
             The game lasted 00:02:52 (164 turns).

soggyman666 the Ruffian (Troll Berserker)            Turns: 164, Time: 00:02:53

Health: -4/58      AC: 21    Str: 38    XL:     3   Next: 26%
Magic:  3/3        EV:  4    Int:  3    God:    Trog [*.....]
Gold:   0          SH:  0    Dex:  9    Spells: 4/4 levels left

rFire    + . .     SeeInvis .     - Unarmed
rCold    + . .     Gourm    +   (no shield)
rNeg     . . .     Faith    .   D - +5 gold dragon scales
rPois    +         Spirit   .   (helmet restricted)
rElec    .         Reflect  .   (no cloak)
rCorr    .         Harm     .   (gloves unavailable)
MR       .....     NoTele   +   (boots unavailable)
Stlth    ..........             (no amulet)
HPRegen  0.59/turn              x - +6 ring of strength
MPRegen  0.08/turn              y - +6 ring of strength

@: berserking (expiring), very heavily drained, very quick
A: large, unfitting armour, claws 3, fast metabolism 3, gourmand, regeneration
1, shaggy fur 1, tough skin 3
a: Berserk, Renounce Religion


You were in the Dungeon.
You worshipped Trog.
Trog was aware of your devotion.
You were not hungry.

You visited 1 branch

Inventory:

Armour
 a - a +0 animal skin
 D - +5 gold dragon scales (worn)
Jewellery
 s - an uncursed ring of flight
 t - a +6 ring of dexterity
 u - a +6 ring of dexterity
 v - a +6 ring of intelligence
 w - a +6 ring of intelligence
 x - a +6 ring of strength (left claw)
 y - a +6 ring of strength (right claw)
Wands
 z - a wand of disintegration (7)
 A - a wand of iceblast (7)
 B - a wand of acid (7)
Scrolls
 h - 4 scrolls of blinking
 n - 7 scrolls of fog
 o - a scroll of holy word
 p - 5 scrolls of identify
 q - 5 scrolls of remove curse
 r - 2 scrolls of fear
Potions
 c - 10 potions of curing
 d - 10 potions of heal wounds
 e - 6 potions of haste
 f - 7 potions of magic
 g - 3 potions of berserk rage
 i - 2 potions of invisibility
 j - 4 potions of resistance
 l - 5 potions of stabbing
 m - 5 potions of might
Miscellaneous
 C - a lightning rod (4/4)
Comestibles
 b - 8 rations


   Skills:
 + Level 3.7(0.6) Fighting
 + Level 2.1(0.0) Throwing
 + Level 1.7(0.0) Armour
 + Level 3.7(0.5) Dodging
 + Level 1.3(0.0) Stealth
 + Level 4.7(1.5) Unarmed Combat
 + Level 1.2(0.0) Spellcasting
 + Level 1.6(0.0) Evocations


You had 4 spell levels left.
You didn't know any spells.
Your spell library was empty.

Dungeon Overview and Level Annotations

Branches:
Dungeon (1/1)

Altars:
Ashenzari
Cheibriados
Dithmenos
Elyvilon
Fedhas
Gozag
Hepliaklqana
Kikubaaqudgha
Makhleb
Nemelex Xobeh
Okawaru
Qazlal
Ru
Sif Muna
Trog
Uskayaw
Vehumet
Wu Jian
Xom
Yredelemnul
Zin
The Shining One
Beogh
Jiyva
Lugonu

Annotations:
D 1 transporter


Innate Abilities, Weirdness & Mutations

You are too large for most types of armour.
You have claws for hands.
Your metabolism is lightning-fast.
You like to eat raw meat.
Your natural rate of healing is unusually fast.
You are covered in fur. (AC +1)
You have extremely tough skin. (AC +3)


Message History

* * * LOW HITPOINT WARNING * * *
The spriggan hits you but does no damage.
You feel drained.
You barely miss the wolf. The wolf bites you but does no damage.
The spriggan barely misses you. The wolf bites you but does no damage.
You closely miss the wolf.
The spriggan hits you with a +5 falchion of draining.
* * * LOW HITPOINT WARNING * * *
You feel drained. The wolf bites you but does no damage.
You miss the wolf.
The spriggan hits you with a +0 short sword.
* * * LOW HITPOINT WARNING * * *
The wolf bites you but does no damage.
Your gold dragon scales prevents you from hitting the wolf.
The spriggan hits you but does no damage.
You feel drained. The wolf bites you but does no damage.
The spriggan hits you but does no damage.
You barely miss the wolf. The wolf bites you but does no damage.
The spriggan hits you with a +5 falchion of draining.
You die...

▓▓▓▓▓▓▓▓▓▓▓▓▓
▓.8©8.▓.8©8.▓
▓.}:).▓.....▓
▓.....▓.:.:.▓
▓.....▓.....▓
▓.ih..▓.....▓
▓.i@..▓..©..▓
▓..©..▓▓▓▓▓▓▓
▓▓▓▓▓▓▓


You could see 2 spriggans and a wolf.

Vanquished Creatures
  An iron imp (D)
  A giant cockroach zombie (D)
2 creatures vanquished.

Notes
Turn   | Place    | Note
-------+----------+-------------------------------------------
     0 | D        | soggyman666 the Troll Berserker began the quest for the
                  | Orb.
     0 | D        | Reached XP level 1. HP: 22/22 MP: 0/0
     0 | D        | Found a shimmering blue altar of Sif Muna.
     0 | D        | Found a sacrificial altar of Ru.
     0 | D        | Found a bloodstained altar of Trog.
     0 | D        | Found a stormy altar of Qazlal.
     0 | D        | Found an iron altar of Okawaru.
     0 | D        | Found a sparkling altar of Nemelex Xobeh.
     0 | D        | Found a blossoming altar of Fedhas.
     1 | D        | Found the +6 Majin-Bo {vamp, Archmagi MP+6 Int+6}
     1 | D        | Found the +7 great mace "Firestarter" {inner flame, rF++}
     2 | D        | Found a transporter.
     2 | D        | Found an ancient bone altar of Kikubaaqudgha.
     2 | D        | Found a viscous altar of Jiyva.
     2 | D        | Found a corrupted altar of Lugonu.
     2 | D        | Found a hazy altar of Hepliaklqana.
     2 | D        | Found a burning altar of Makhleb.
     2 | D        | Found an opulent altar of Gozag.
    36 | D        | Found the +9 heavy crossbow "Sniper" {vorpal, Acc+∞ SInv}
    36 | D        | Found the +10 dark maul {vorpal}
    36 | D        | Found the +15 Maxwell's patent armour {-Cast -Tele rElec
                  | MR+ rCorr}
    36 | D        | Found the +18 shield of the Gong {rElec rN+ MR+ EV-5}
    36 | D        | Found the cursed +14 obsidian axe {vorpal, +Fly SInv
                  | *Curse}
    37 | D        | Found the +6 shillelagh "Devastator" {shatter}
    37 | D        | Found the +11 plutonium sword {*Contam Stlth-}
    37 | D        | Found the +8 lance "Wyrmbane" {slay drac, rPois rF+ rC+
                  | AC+3}
    37 | D        | Found the +9 sword of Zonguldrok {reap}
    37 | D        | Found the cursed +13 scythe of Curses {drain, *Curse}
    37 | D        | Found the +0 sword of Power
    37 | D        | Found the +7 mace of Variability {chain chaos}
    37 | D        | Found the +7 Singing Sword {vorpal, sonic wave}
    37 | D        | Found the +8 storm bow {elec, penet}
    91 | D        | Reached skill level 1 in Armour
    91 | D        | Reached skill level 1 in Stealth
    91 | D        | Reached skill level 4 in Unarmed Combat
    91 | D        | Reached skill level 1 in Spellcasting
    91 | D        | Reached skill level 1 in Evocations
    91 | D        | Reached XP level 2. HP: 31/31 MP: 0/2
   125 | D        | Entered arena 2.
   125 | D        | Found a transporter.
   133 | D        | Reached XP level 3. HP: 39/39 MP: 3/3
   141 | D        | Entered arena 3.
   141 | D        | Noticed a spriggan
   141 | D        | Noticed a wolf
   141 | D        | Noticed a spriggan
   141 | D        | Found a transporter.
   162 | D        | HP: 1/58 [spriggan/+0 short sword (2)]
   164 | D        | Slain by a spriggan

Illustrated notes

Levels and vault maps discovered:
D:        sprint_v [room_start, room_1, room_2, room_3, room_4, room_5, room_6,
          room_7, room_8, room_9, room_10, room_11, room_12, room_13, room_14,
          room_15, room_16, room_17, room_18, room_19, room_20, room_21,
          room_22, room_23, room_24, room_25, room_26, room_27]

Skill      XL: |  1 |
---------------+----+-----
Fighting       | 3 |  3.7
Throwing       | 2 |  2.1
Armour         | 1 |  1.7
Dodging        | 3 |  3.7
Stealth        | 1 |  1.3
Unarmed Combat | 4 |  4.7
Spellcasting   | 1 |  1.2
Evocations     | 1 |  1.6

Action                   || total
-------------------------++-------
Melee: Unarmed           ||    31
Invok: Berserk           ||     1
  Use: Potion            ||     1
Armor: Gold dragon scale ||    46
Dodge: Dodged            ||    13
